 Dungeon Crawl Stone Soup version 0.27-a0-597-g524d869a0f (webtiles) character file.

Game seed: 11683560971765665134

8855 srzhan31 the Thaumaturge (level 11, -5/60 HPs)
             Began as a Deep Elf Conjurer on Mar 11, 2021.
             Was an Elder of Sif Muna.
             Slain by an orc knight
             ... wielding a +0 great mace
              (18 damage)
             ... while petrified by a basilisk
             ... on level 10 of the Dungeon.
             The game lasted 00:33:24 (11833 turns).

srzhan31 the Thaumaturge (Deep Elf Conjurer)       Turns: 11833, Time: 00:33:25

Health: -5/60      AC:  6    Str:  4    XL:     11   Next: 15%
Magic:  2/28       EV:  2    Int: 27    God:    Sif Muna [****..]
Gold:   579        SH:  0    Dex: 19    Spells: 25/32 levels left

rFire    . . .     SeeInvis .   z - +0 shortbow
rCold    . . .     Faith    .   (shield currently unavailable)
rNeg     + + +     Spirit   .   F - +2 robe {Archmagi}
rPois    ∞         Reflect  .   (no helmet)
rElec    .         Harm     .   a - +0 cloak
rCorr    .         Rampage  .   i - +0 pair of gloves
Will     +....                  (no boots)
Stlth    +++.......             (no amulet)
HPRegen  0.20/turn              g - +6 ring of dexterity
MPRegen  0.21/turn              I - +4 ring of slaying

@: petrified
A: no striking features
a: Renounce Religion, Channel Magic, Forget Spell, Divine Exegesis


You were on level 10 of the Dungeon.
You worshipped Sif Muna.
Sif Muna was greatly pleased with you.
You visited 1 branch of the dungeon, and saw 10 of its levels.
You also visited: Ossuary.

You collected 579 gold pieces.

Inventory:

Hand Weapons
 k - a +1 dagger of speed
 o - a +3 dagger
 z - a +0 shortbow (weapon)
Missiles
 A - 68 arrows (quivered ammo)
Armour
 a - a +0 cloak (worn)
 i - a +0 pair of gloves (worn)
 j - a +0 buckler
 F - a +2 robe of the Archmagi (worn)
 H - the +0 chain mail "Deidalioxu" {Harm rC+ Str+4 Dex-2}
   (You found it on level 9 of the Dungeon)

   It affects your strength (+4).
   It affects your dexterity (-2).
   It protects you from cold.
   It increases damage dealt and taken.
 N - a +0 troll leather armour
Jewellery
 g - a +6 ring of dexterity (right hand)
 q - a ring of protection from cold
 I - a +4 ring of slaying (left hand)
 L - a ring of protection from cold
Wands
 p - a wand of flame (34)
 u - a wand of polymorph (9)
 y - a wand of random effects (37)
 G - a wand of charming (6)
 O - a wand of paralysis (12)
Scrolls
 b - 6 scrolls of blinking
 c - 3 scrolls of magic mapping {unknown}
 d - 4 scrolls of identify
 h - 8 scrolls of immolation
 r - 3 scrolls of teleportation
 v - a scroll of fog {unknown}
 C - a scroll of fear {unknown}
 E - a scroll of enchant weapon {unknown}
Potions
 e - 5 potions of heal wounds
 f - 4 potions of mutation
 l - 3 potions of attraction {unknown}
 m - 10 potions of curing
 n - 14 potions of degeneration
 s - a potion of resistance {unknown}
 t - a potion of haste {unknown}
 w - a potion of flight {unknown}
 x - 2 potions of magic {unknown}
 B - a potion of invisibility {unknown}
 D - a potion of ambrosia {unknown}
 J - a potion of might {unknown}
 K - a potion of brilliance {unknown}
 M - a potion of lignification {unknown}


   Skills:
 * Level 3.0 Fighting
 * Level 6.7 Bows
 * Level 3.8 Armour
 * Level 6.0 Dodging
 - Level 3.0 Stealth
 * Level 4.0 Shields
 * Level 11.2 Spellcasting
 * Level 10.7 Conjurations
 * Level 4.6 Translocations
 * Level 4.1 Invocations


You had 25 spell levels left.
You knew the following spells:

 Your Spells              Type           Power      Damage    Failure   Level
a - Magic Dart            Conj           100%       1d8       1%          1
b - Searing Ray           Conj           100%       3d7       1%          2
c - Iskenderun's Mystic   Conj/Tloc      71%        2d14      1%          4

Your spell library contained the following spells:

 Spells                   Type           Power      Damage    Failure   Level
 Dazzling Flash           Conj/Hex       100%       N/A       1%          3
 Fulminant Prism          Conj/Hex       30%        3d16      4%          4


Dungeon Overview and Level Annotations

Branches:
Dungeon (10/15)            Temple (0/1) D:7            Lair (0/6) D:10
    Orc (0/2) D:9         Ossuary (visited)

Altars:
Nemelex Xobeh
Sif Muna
Trog
The Shining One

Shops:
D:5 [   D:6 (


Message History

The wraith is heavily damaged.
The wraith is knocked back by the mystic blast.
The mystic blast hits the orc knight.
The orc knight is moderately wounded.
The orc knight is knocked back by the mystic blast.
Casting: Iskenderun's Mystic Blast (dangerous; 1% risk of failure)
Confirm with . or Enter, or press ? or * to list all spells.
Aiming: Searing Ray (safe; 1% risk of failure)
Press: ? - help, Shift-Dir - straight line, f/p - wraith
Aim: a wraith (heavily damaged, 17% to evade)
You feel a surge of power!
The searing ray hits the basilisk!
The basilisk is severely wounded.
The searing ray hits the wraith!
The wraith is severely damaged. (Press . to maintain the ray.)
The basilisk gazes at you.
You are slowing down.
The searing ray hits the basilisk!
You kill the basilisk!
Sif Muna accepts your kill.
The searing ray hits the wraith!
You destroy the wraith!
Sif Muna accepts your kill.
Your limbs are stiffening.
Unknown command.
Casting: Searing Ray (safe; 1% risk of failure)
Confirm with . or Enter, or press ? or * to list all spells.
You feel a surge of power!
You erupt in a blast of force!
The mystic blast hits the orc knight!
The orc knight is heavily wounded.
The orc knight is knocked back by the mystic blast.
You have turned to stone.
The orc knight hits you with a +0 great mace!
The orc knight hits you with a +0 great mace!!
* * * LOW HITPOINT WARNING * * *
The orc knight hits you with a +0 great mace.
* * * LOW HITPOINT WARNING * * *
An orc warrior comes into view. It is wielding a +0 mace.
The orc knight hits you with a +0 great mace!!!
You die...

.# ... #..#...# .# o#
###'#####'###..#...# .#
..#.....#8.8.8#..#...# .#
.#.....#.8.8.#..#...' .+
'.()..'8.8.8†..##### .#
).)..#.8.8.#....... .# ...
#8.8.8#....... .###+#####+### #o#
###+###...÷... .#.##..#.....###@#
#..#..#..>....
.#....##...#.#...###..#..#..#####
.)#.#.#+.....'.#.#.'.....'..# #
.##.)..#.#...###...#..#..#..# #
.#..##.#.....# #.###..#..#..# #
.###+#####'#####'#####+###..#####
.........................÷.......
.................................
.......<[.................P......


You could see an orc knight and an orc warrior.

Vanquished Creatures
  Erica (D:8)
  A two-headed ogre (D:6)
  Pikel (D:8)
  A gargoyle (D:10)
  A meliai (D:10)
  2 trolls
  A wraith (D:10)
  A shadow (D:9)
  A yak (D:10)
  Sigmund (D:3)
  Eustachio (D:6)
  A basilisk (D:10)
  Grum (D:8)
  A water moccasin (D:6)
  2 orc warriors
  A sky beast (D:6)
  2 ice beasts
  3 black bears
  Duvessa (D:7)
  A necrophage (D:7)
  A boggart (D:10)
  4 wolves (D:8)
  3 ogres
  4 phantoms
  4 centaurs
  3 lemures (D:8)
  7 bullfrogs
  13 wights
  A killer bee (D:10)
  2 troll zombies (D:9)
  A howler monkey (D:4)
  A bullfrog zombie (D:7)
  7 hounds
  2 orc priests
  2 bullfrog skeletons
  4 jellies
  3 centaur zombies
  A centaur skeleton (D:10)
  2 gnoll shamans (D:6)
  4 iguanas
  2 orc wizards
  5 worker ants
  A killer bee zombie (D:6)
  4 ogre zombies (D:9)
  2 hound zombies
  4 mummies (Ossuary)
  2 worker ant zombies
  8 gnolls
  11 adders
  A howler monkey skeleton (D:7)
  A shadow imp (D:6)
  3 white imps
  2 ufetubi
  An adder skeleton (D:6)
  2 adder zombies (D:5)
  2 worms
  2 dart slugs
  6 leopard geckos
  22 orcs
  8 bats
  13 giant cockroaches
  2 gnoll zombies (Ossuary)
  5 hobgoblins
  19 jackals
  5 quokkas
  6 frilled lizards
  A giant cockroach zombie (D:6)
  9 goblins
  4 goblin skeletons (D:9)
  3 goblin zombies
  2 hobgoblin skeletons (D:9)
  5 hobgoblin zombies
  6 kobolds
  2 kobold zombies (Ossuary)
  2 orc skeletons (D:9)
  6 orc zombies
  A quokka skeleton (D:6)
  14 rats
288 creatures vanquished.

Vanquished Creatures (others)
  4 fungi (D:10)
  7 plants
11 creatures vanquished.

Grand Total: 299 creatures vanquished

Notes
Turn   | Place    | Note
-------+----------+-------------------------------------------
     0 | D:1      | srzhan31 the Deep Elf Conjurer began the quest for the Orb.
     0 | D:1      | Reached XP level 1. HP: 10/10 MP: 6/6
   354 | D:1      | Reached XP level 2. HP: 15/15 MP: 6/8
   359 | D:1      | Learned a level 2 spell: Searing Ray
   398 | D:1      | Reached skill level 5 in Conjurations
  1003 | D:2      | Reached XP level 3. HP: 19/19 MP: 7/9
  1676 | D:2      | Found a glowing golden altar of the Shining One.
  1878 | D:2      | Found a bloodstained altar of Trog.
  2149 | D:3      | Noticed a bullfrog
  2156 | D:3      | Killed a bullfrog
  2157 | D:3      | Reached XP level 4. HP: 24/24 MP: 5/11
  2190 | D:3      | Reached XP level 5. HP: 13/28 MP: 0/12
  2306 | D:3      | Noticed Sigmund
  2316 | D:3      | Killed Sigmund
  2317 | D:3      | Reached skill level 1 in Armour
  2317 | D:3      | Reached skill level 1 in Shields
  2317 | D:3      | Reached skill level 4 in Spellcasting
  2317 | D:3      | Reached XP level 6. HP: 23/32 MP: 7/14
  3106 | D:3      | Found a shimmering blue altar of Sif Muna.
  3112 | D:3      | Became a worshipper of Sif Muna the Loreminder
  3662 | D:4      | Found a sand-covered staircase.
  3667 | Ossuary  | Entered an ossuary
  4321 | D:4      | Reached * piety under Sif Muna
  4397 | D:4      | Reached skill level 5 in Spellcasting
  4397 | D:4      | Reached XP level 7. HP: 36/36 MP: 12/16
  4404 | D:4      | Learned a level 4 spell: Iskenderun's Mystic Blast
  4455 | D:4      | Reached skill level 1 in Bows
  4662 | D:4      | Reached skill level 1 in Translocations
  4749 | D:4      | Reached skill level 6 in Spellcasting
  4918 | D:5      | Entered Level 5 of the Dungeon
  5209 | D:5      | Found Figuim's Armour Boutique.
  5437 | D:5      | Reached XP level 8. HP: 32/41 MP: 15/20
  5902 | D:6      | Reached skill level 7 in Spellcasting
  5999 | D:6      | Reached ** piety under Sif Muna
  6000 | D:6      | Reached skill level 1 in Invocations
  6332 | D:6      | Found Yteul's Weapon Emporium.
  6597 | D:6      | Noticed Eustachio
  6604 | D:6      | Killed Eustachio
  6605 | D:6      | Reached skill level 1 in Fighting
  6629 | D:6      | Reached skill level 8 in Spellcasting
  6964 | D:6      | Reached XP level 9. HP: 43/47 MP: 11/23
  7065 | D:6      | Noticed a two-headed ogre
  7069 | D:6      | Killed a two-headed ogre
  7070 | D:6      | Reached skill level 9 in Spellcasting
  7525 | D:7      | Found a staircase to the Ecumenical Temple.
  7565 | D:7      | Noticed Duvessa
  7569 | D:7      | Killed Duvessa
  7569 | D:7      | Reached *** piety under Sif Muna
  8244 | D:8      | Noticed Erica
  8258 | D:8      | Killed Erica
  8259 | D:8      | Reached skill level 5 in Dodging
  8438 | D:8      | Found a sparkling altar of Nemelex Xobeh.
  8491 | D:8      | Reached XP level 10. HP: 53/53 MP: 20/25
  8645 | D:8      | Noticed Grum
  8652 | D:8      | Killed Grum
  8653 | D:8      | Reached skill level 10 in Spellcasting
  8936 | D:8      | Identified the +2 leather armour of the Fifty Wonders {rF+}
  8955 | D:8      | Reached skill level 10 in Conjurations
  9044 | D:8      | Noticed Pikel
  9051 | D:8      | Killed Pikel
  9560 | D:9      | Identified the +0 chain mail "Deidalioxu" {Harm rC+ Str+4
                  | Dex-2}
  9765 | D:9      | Reached skill level 5 in Bows
 10122 | D:9      | Reached **** piety under Sif Muna
 10174 | D:9      | Found a staircase to the Orcish Mines.
 10853 | D:10     | Entered Level 10 of the Dungeon
 10950 | D:10     | Identified the +5 scale mail "Mummarug" {Dex+2 SInv}
 11090 | D:10     | Reached skill level 11 in Spellcasting
 11500 | D:10     | Reached XP level 11. HP: 59/59 MP: 22/28
 11696 | D:10     | Found a staircase to the Lair.
 11812 | D:10     | Noticed an orc knight
 11833 | D:10     | Slain by an orc knight

Illustrated notes

Levels and vault maps discovered:
D:1:      erik_arrival_cave_to_civilisation [erik_arrival_cave_to_hall],
          layout_basic, feat_on_display
D:2:      layout_loops_cross, lightli_temple_of_fire, tso_metal_star
D:3:      minmay_chambers_of_threes, layout_loops_ring, led_sif_pool,
          uniq_sigmund
D:4:      layout_gridville, enter_ossuary_5
D:5:      layout_cave_pools, serial_shops, shop, minmay_misc_feat_rugged,
          lemuel_flame_loot_1
D:6:      kennysheep_windowed_halls, layout_basic, serial_shops,
          nicolae_shop_trees, uniq_eustachio
D:7:      layout_loops_cross, minmay_temple_entry_gardened_gates, uniq_duvessa
D:8:      layout_basic, minmay_tree_intersection,
          nemelex_xobeh_ov_fountains_minmay, uniq_pikel, uniq_grum, uniq_erica
D:9:      layout_long_grid, zombieorc1_lemuel
D:10:     minmay_the_grid_square_5x5_4x4 [minmay_the_grid_square_5x5_shuriken,
          minmay_the_grid_square_5x5_two_walls_a,
          minmay_the_grid_square_5x5_detours, minmay_the_grid_square_5x5_bridge,
          minmay_the_grid_square_5x5_moneybag,
          minmay_the_grid_square_5x5_prize_deathbox,
          minmay_the_grid_square_5x5_prize_open,
          minmay_the_grid_square_5x5_checkered_statues,
          minmay_the_grid_square_5x5_meh, minmay_the_grid_square_5x5_prize_gold,
          minmay_the_grid_square_5x5_prize_open,
          minmay_the_grid_square_5x5_seven,
          minmay_the_grid_square_5x5_trominoes,
          minmay_the_grid_square_5x5_three_walls,
          minmay_the_grid_square_5x5_longway,
          minmay_the_grid_square_5x5_one_wall], layout_irregular_city,
          grunt_lair_entry_orc_guard_hut

Skill      XL: |  1  2  3  4  5  6  7  8  9 10 11 |
---------------+----------------------------------+-----
Conjurations   | 5 6 7 8 9 10 | 10.7
Armour         | 1 2 3 |  3.8
Dodging        | 3 4 5 6 |  6.0
Stealth        | 3 |  3.0
Shields        | 1 2 3 4 |  4.0
Spellcasting   | 4 5 6 8 9 11 | 11.2
Bows           | 1 3 4 6 |  6.7
Translocations | 2 3 4 |  4.6
Invocations    | 1 2 4 |  4.1
Fighting       | 1 2 3 |  3.0

Action                   |  1- 3 |  4- 6 |  7- 9 | 10-12 || total
-------------------------+-------+-------+-------+-------++-------
 Fire: Shortbow          |       |       |    22 |    40 ||    62
 Cast: Magic Dart        |    35 |    35 |       |       ||    70
       Searing Ray       |    16 |    39 |    82 |    78 ||   215
       Iskenderun's Myst |       |       |     3 |    15 ||    18
  Use: Scroll            |       |     6 |     5 |     1 ||    12
Armor: Robe              |       |       |     6 |    12 ||    18
Dodge: Dodged            |     1 |     5 |    35 |    24 ||    65

Table legend: (Time is in decaauts)
 A = Elapsed time spent in this place.
 B = Non-inter-level travel time spent in this place.
 C = Inter-level travel time spent in this place.
 D = Time resting spent in this place.
 E = Time spent auto-exploring this place.
 F = Levels seen in this place.
 G = Mean time per level.
                   A        B        C        D        E       F      G
               +--------+--------+--------+--------+--------+-----+--------+
         Total |  11845 |  11687 |    158 |      0 |   9567 |  11 | 1076.8 |
       Dungeon |  11431 |  11273 |    158 |      0 |   9337 |  10 | 1143.1 |
       Ossuary |    413 |    413 |      0 |      0 |    230 |   1 |  413.0 |
               +--------+--------+--------+--------+--------+-----+--------+

Top non-repeatable levels by time:
     D:6: 1589 daAuts
     D:3: 1557 daAuts
     D:9: 1444 daAuts
     D:8: 1258 daAuts
     D:2: 1081 daAuts
     D:1: 996 daAuts
    D:10: 979 daAuts
     D:4: 867 daAuts
     D:7: 849 daAuts
     D:5: 806 daAuts
 Ossuary: 413 daAuts
